 Dungeon Crawl Stone Soup version 0.30-b1-2-g02819fbbbe (webtiles) character file.

Game seed: 16236361316458433956

1944 Alarkh the Skirmisher (level 8, -15/54 HPs)
             Began as a Demonspawn Hexslinger on July 8, 2023.
             Was a Follower of Uskayaw.
             Engulfed by a cloud of flame (20 damage)
             ... on level 7 of the Dungeon.
             The game lasted 00:14:12 (7028 turns).

Alarkh the Skirmisher (Demonspawn Hexslinger)       Turns: 7028, Time: 00:14:13

Health: -15/54     AC:  9    Str: 11    XL:     8   Next: 98%
Magic:  9/13       EV: 10    Int: 17    God:    Uskayaw [*.....]
Gold:   321        SH:  5    Dex: 13    Spells: 8/14 levels left

rFire   . . .        k - +1 sling
rCold   . . .        (no shield)
rNeg    . . .        u - +2 ring mail {rPois}
rPois   +            (no helmet)
rElec   .            p - +0 cloak
rCorr   .            (no gloves)
SInv    .            (no boots)
Will    .....        l - amulet of reflection
Stlth   +            q - ring of wizardry
HPRegen 2.29/turn    (no ring)
MPRegen 0.13/turn

%: reflection, wizardry (x1)
@: no status effects
A: powered by death 2, sharp scales 1
a: Renounce Religion, Stomp


You were on level 7 of the Dungeon.
You worshipped Uskayaw.
Uskayaw was noncommittal.
You visited 2 branches of the dungeon, and saw 8 of its levels.
You also visited: Sewer.

You collected 321 gold pieces.

Inventory:

Hand Weapons
 a - a +0 sling of flaming
 b - a +2 dagger of venom
 k - a +1 sling (weapon)
Missiles
 B - 2 throwing nets
Armour
 c - a +0 robe
 p - a +0 cloak (worn)
 r - the +0 scale mail of Painted Intercession {rF+}
   (You found it on level 3 of the Dungeon)

   rF:        It protects you from fire.
 u - a +2 ring mail of poison resistance (worn)
Jewellery
 i - a ring of ice
 l - an amulet of reflection (around neck)
 q - a ring of wizardry (left hand)
Wands
 y - a wand of polymorph (1)
 C - a wand of mindburst (3)
Scrolls
 d - 2 scrolls of amnesia
 h - a scroll of enchant armour {unknown}
 o - 2 scrolls of poison
 t - a scroll of fog {unknown}
 v - a scroll of fear {unknown}
 w - a scroll of vulnerability {unknown}
Potions
 e - 2 potions of might
 f - 3 potions of cancellation
 g - a potion of flight
 j - a potion of brilliance
 m - a potion of ambrosia
 n - a potion of lignification {unknown}
 s - a potion of heal wounds
 x - 3 potions of curing
 z - a potion of resistance
 A - a potion of invisibility {unknown}


   Skills:
 - Level 1.0 Fighting
 * Level 9.4 Ranged Weapons
 - Level 1.7 Dodging
 + Level 3.8 Spellcasting
 + Level 5.1 Hexes


You had 8 spell levels left.
You knew the following spells:

 Your Spells              Type           Power      Damage    Failure   Level
a - Portal Projectile     Hex/Tloc       24%        N/A       16%         3
e - Inner Flame           Hex/Fire       12%        N/A       16%         3

Your spell library contained the following spells:

 Spells                   Type           Power      Damage    Failure   Level
 Slow                     Hex            80%        N/A       1%          1
 Cause Fear               Hex            10%        N/A       19%         4
 Cigotuvi's Dreadful Rot  Necr/Pois/Air  6%         N/A       24%         2
 Lesser Beckoning         Tloc           6%         N/A       24%         2
 Gell's Gravitas          Tloc           3%         N/A       41%         3
 Ignite Poison            Fire/Tmut/Pois 3%         N/A       41%         3
 Ozocubu's Armour         Ice            3%         N/A       41%         3
 Teleport Other           Tloc           3%         N/A       41%         3
 Freezing Cloud           Conj/Ice/Air   1%         6-21      98%         5
 Ozocubu's Refrigeration  Ice            1%         4d7       100%        7


Dungeon Overview and Level Annotations

Branches:
Dungeon (7/15)             Temple (1/1) D:6           Sewer (visited)

Altars:
Ashenzari
Cheibriados
Dithmenos
Fedhas
Gozag
Hepliaklqana
Makhleb
Nemelex Xobeh
Qazlal
Ru
Sif Muna
Trog
Uskayaw
Wu Jian
Xom
Yredelemnul
Lugonu


Innate Abilities, Weirdness & Mutations

You regenerate health from kills.
You are partially covered in razor-sharp scales. (AC +1, Slay +1)


Message History

The orc warrior is filled with an inner flame.
You shoot a sling bullet.
The sling bullet barely misses the orc warrior.
You shoot a sling bullet.
The sling bullet closely misses the orc warrior.
The orc warrior hits you with a +0 quarterstaff!
You shoot a sling bullet.
The sling bullet barely misses the orc warrior.
The orc warrior hits you with a +0 quarterstaff.
The orc warrior hits you with a +0 quarterstaff.
You shoot a sling bullet.
The sling bullet hits the orc warrior but does no damage.
The orc warrior barely misses you.
You shoot a sling bullet.
The sling bullet closely misses the orc warrior.
The orc warrior hits you with a +0 quarterstaff.
You shoot a sling bullet.
The sling bullet hits the orc warrior but does no damage.
The orc warrior hits you with a +0 quarterstaff!
* * * LOW HITPOINT WARNING * * *
You feel much better.
Aiming: Mindburst
Press: ? - help, Shift-Dir - straight line, f/p - orc warrior
Aim: an orc warrior, wielding a +0 quarterstaff and wearing a +10 plate armour of ponderousness (inner flame, chance to affect: 64%)
The orc warrior's mind is blasted!
Flame seeps out of the orc warrior.
The orc warrior hits you but does no damage.
The orc warrior is engulfed in blazing flames.
Flame seeps out of the orc warrior.
You shoot a sling bullet.
The sling bullet barely misses the orc warrior.
The orc warrior hits you with a +0 quarterstaff.
Aiming: Mindburst
Press: ? - help, Shift-Dir - straight line, f/p - orc warrior
Aim: an orc warrior, wielding a +0 quarterstaff and wearing a +10 plate armour of ponderousness (almost dead, inner flame, chance to affect: 64%)
The orc warrior's mind is blasted!!
The orc warrior explodes!
The fiery explosion engulfs you!!
* * * LOW HITPOINT WARNING * * *
You are engulfed in blazing flames.
You die...

##......## #...###.....
##........## #[..##......
#..........##### #...##......
#..........#...###...##.♣....
#..........##...##......♣....
#.........<###...#....#.♣.###
#..........# ##.......#.♣.##.
##........§#####......#...##<
#.........§§@..............).
#..........######....#.....#.
#.........≈§≈§§............#.
#........≈≈~)~§≈#.####.....#.
#........≈[○§§§§#.# #..P..#.
##.......≈[○○.§§#.# ###..)...
##......≈)§§~.§#.###........
#######≈≈~..≈§#......._.###
##≈≈.≈≈)..........#


There were no monsters in sight!

Vanquished Creatures
  A hornet (D:7)
  A wyvern (D:7)
  A water moccasin (D:6)
  2 orc warriors (D:7)
  3 ice beasts
  A black bear (D:7)
  2 phantoms (D:3)
  2 bullfrogs (D:7)
  A howler monkey (D:4)
  A hound (D:6)
  3 jellies (Sewer)
  4 orc priests
  A gnoll bouda (D:7)
  A sleepcap (D:5)
  2 iguanas
  An orc wizard (D:6)
  3 gnolls (D:7)
  6 river rats
  10 adders
  A shadow imp (D:6)
  A white imp (D:5)
  An ufetubus (D:5)
  2 worms
  2 dart slugs
  20 orcs
  7 bats
  19 endoplasms
  8 giant cockroaches
  6 goblins
  5 hobgoblins
  6 jackals
  7 kobolds
  3 quokkas (D:4)
  12 ball pythons
  7 frilled lizards
  13 rats
166 creatures vanquished.

Vanquished Creatures (others)
  A kobold brigand (D:7)
  A bullfrog (D:7)
  A hound (D:7)
  An orc (D:7)
  6 plants
10 creatures vanquished.

Grand Total: 176 creatures vanquished

Notes
Turn   | Place    | Note
-------+----------+-------------------------------------------
     0 | D:1      | Alarkh the Demonspawn Hexslinger began the quest for the
                  | Orb.
     0 | D:1      | Reached XP level 1. HP: 15/15 MP: 2/2
    57 | D:1      | Reached skill level 2 in Ranged Weapons
    91 | D:1      | Gained mutation: You are partially covered in razor-sharp
                  | scales. (AC +1, Slay +1) [demonic ancestry]
    91 | D:1      | Reached XP level 2. HP: 21/21 MP: 3/3
   736 | D:1      | Reached skill level 3 in Ranged Weapons
   915 | D:2      | Reached XP level 3. HP: 26/26 MP: 4/4
   960 | D:2      | Learned a level 3 spell: Inner Flame
  1429 | D:2      | Found a faded altar of an unknown god.
  1557 | D:3      | Reached skill level 4 in Ranged Weapons
  1557 | D:3      | Reached XP level 4. HP: 26/32 MP: 5/5
  1726 | D:3      | Identified the +0 scale mail of Painted Intercession {rF+}
  2298 | D:4      | Noticed a phantom
  2327 | D:4      | Noticed a phantom
  2417 | D:3      | Killed a phantom
  2418 | D:3      | Reached skill level 5 in Ranged Weapons
  2418 | D:3      | Reached XP level 5. HP: 12/37 MP: 6/6
  2532 | D:3      | Killed a phantom
  2533 | D:3      | Gained mutation: You regenerate a little health from kills.
                  | [demonic ancestry]
  2533 | D:3      | Reached XP level 6. HP: 26/43 MP: 7/7
  2749 | D:4      | Found a shadowy altar of Dithmenos.
  2864 | D:4      | Reached skill level 6 in Ranged Weapons
  3174 | D:4      | Found a sacrificial altar of Ru.
  3472 | D:5      | Entered Level 5 of the Dungeon
  3575 | D:5      | Found a blossoming altar of Fedhas.
  4136 | D:5      | Found a glowing drain.
  4145 | Sewer    | Entered a sewer
  4185 | Sewer    | Reached skill level 7 in Ranged Weapons
  4219 | Sewer    | Reached XP level 7. HP: 41/48 MP: 8/8
  4402 | Sewer    | Found a viscous altar of Jiyva.
  4494 | Sewer    | Learned a level 3 spell: Portal Projectile
  4684 | D:5      | Found a bloodstained altar of Trog.
  4766 | D:6      | Found a staircase to the Ecumenical Temple.
  4774 | D:6      | Found a broken altar of Ashenzari.
  4785 | Temple   | Entered the Ecumenical Temple
  4940 | D:6      | Found a burning altar of Makhleb.
  5260 | D:6      | Found a hide-covered altar of Uskayaw.
  5489 | D:6      | Became a worshipper of Uskayaw the Reveller
  5546 | D:7      | Noticed a wyvern
  5547 | D:7      | Noticed a hornet
  5551 | D:7      | Reached * piety under Uskayaw
  5552 | D:7      | Killed a wyvern
  5553 | D:7      | Reached skill level 8 in Ranged Weapons
  5598 | D:7      | Found a hazy altar of Hepliaklqana.
  5605 | D:7      | Reached ** piety under Uskayaw
  5715 | D:7      | Found a shimmering altar of Xom.
  5825 | D:7      | Reached *** piety under Uskayaw
  5832 | D:7      | Reached **** piety under Uskayaw
  5840 | D:7      | Killed a hornet
  5841 | D:7      | Gained mutation: You regenerate health from kills. [demonic
                  | ancestry]
  5841 | D:7      | Reached XP level 8. HP: 46/54 MP: 11/11
  6409 | D:7      | Reached skill level 9 in Ranged Weapons
  6830 | D:7      | Reached skill level 5 in Hexes
  6855 | D:7      | Found an ornate altar of the Wu Jian Council.
  7028 | D:7      | Engulfed by a cloud of flame

Illustrated notes

Levels and vault maps discovered:
D:1:      heliophobic_arrival_dark_side_of_the_moon, layout_loops_corners
D:2:      layout_loops_ring, hellmonk_ecumenical_altar_defaced_shrine,
          hangedman_glass_teeth
D:3:      layout_loops_ring, guppyfry_early_lair_pool
D:4:      layout_basic, nicolae_ru_sacrificial_ziggurat,
          mainiacjoe_overflow_six_doors_small
D:5:      layout_basic, marbit_many_paths, mainiacjoe_overflow_brackets,
          portal_sewer_entry_e
D:6:      layout_loops_cross, mainiacjoe_overflow_paths,
          mainiacjoe_overflow_small_starburst, overflow_temple_1_default,
          minmay_temple_entry_metal_lava
D:7:      layout_rooms, mainiacjoe_overflow_24_doors,
          nicolae_overflow_hidden_temple, xom_confusion_cloud,
          mainiacjoe_overflow_boulevard, kennysheep_mini
Temple:   corrupted_temple

Skill      XL: |  1  2  3  4  5  6  7  8 |
---------------+-------------------------+-----
Ranged Weapons | 2 3 4 5 7 8 9 |  9.4
Spellcasting   | 2 3 |  3.8
Hexes          | 4 5 |  5.1
Fighting       | |  1.0
Dodging        | |  1.7

Action                     |  1- 3 |  4- 6 |  7- 9 || total
---------------------------+-------+-------+-------++-------
  Melee: Dagger            |       |     9 |       ||     9
         Sling             |       |     2 |       ||     2
         Unarmed           |       |     2 |       ||     2
   Fire: Sling             |   100 |   289 |   372 ||   761
   Cast: Inner Flame       |       |     1 |     9 ||    10
         Portal Projectile |       |       |     3 ||     3
  Evoke: Wand              |       |       |     2 ||     2
    Use: Scroll            |     1 |     2 |     9 ||    12
         Potion            |       |     3 |     4 ||     7
 Armour: Robe              |    17 |    29 |       ||    46
         Ring mail         |       |    57 |    85 ||   142
  Dodge: Dodged            |    30 |   121 |    91 ||   242
  Block: Other             |       |       |    26 ||    26
         Reflection        |       |       |     1 ||     1
